 Dungeon Crawl Stone Soup version 0.30.1-4-g462c640d31 (webtiles) character file.

Game seed: 8207658105350977370

177506 wingedge the Geomancer (level 16, -8/135 HPs)
             Began as a Demigod Earth Elementalist on Aug 18, 2023.
             Shot with an arrow by a naga sharpshooter (16 damage)
             ... on level 4 of the Snake Pit.
             The game lasted 02:12:20 (47472 turns).

wingedge the Geomancer (DgEE)                      Turns: 47472, Time: 02:12:20

Health: -8/135     AC:  9    Str:  9    XL:     16   Next: 99%
Magic:  4/35       EV:  9    Int: 40    God:
Gold:   1689       SH: 13    Dex: 14    Spells: 2/36 levels left

rFire   + . .        a - +4 spear of Sin {heavy, Fly rPois SInv}
rCold   . . .        f - +2 kite shield {reflect}
rNeg    . . .        R - +0 robe {Archmagi}
rPois   +            N - +1 helmet {Int+3}
rElec   +            B - +1 cloak {rF+}
rCorr   .            K - +0 pair of gloves "Heusmod" {+Blink +Inv rElec Stlth+}
SInv    +            T - +0 pair of boots
Will    ++...        q - amulet of regeneration
Stlth   ++++         o - ring of willpower
HPRegen 1.22/turn    A - ring of wizardry
MPRegen 0.24/turn

%: reflection, wizardry (x1), archmagi
@: flying, very slightly contaminated, constricted, studying Short Blades
A: high MP 1, forlorn, divine attributes
a: Evoke Blink, Evoke Invisibility


You were on level 4 of the Snake Pit.
You visited 4 branches of the dungeon, and saw 26 of its levels.
You also visited: Sewer, Ice Cave and Volcano.

You collected 2986 gold pieces.
You spent 1297 gold pieces at shops.

Inventory:

Hand Weapons
 a - the +4 spear of Sin (weapon) {heavy, Fly rPois SInv}
   (You bought it in a shop on level 9 of the Dungeon)

   rPois:     It protects you from poison.
   SInv:      It lets you see invisible.
   Fly:       It grants you flight.
 b - a +0 eveningstar of freezing
 Z - the +10 trident "Rionumur" {freeze, Int+5 Dex+5}
   (You took it off a naga ritualist on level 4 of the Snake Pit)

   Int:       It affects your intelligence (+5).
   Dex:       It affects your dexterity (+5).
Armour
 f - a +2 kite shield of reflection (worn)
 l - a +2 leather armour of willpower
 B - a +1 cloak of fire resistance (worn)
 K - the +0 pair of gloves "Heusmod" (worn) {+Blink +Inv rElec Stlth+}
   (You acquired it on level 7 of the Dungeon)

   rElec:     It insulates you from electricity.
   +Inv:      It lets you turn invisible.
   +Blink:    It lets you blink.
   Stlth:     It makes you more stealthy.
 M - a +1 robe of resistance
 N - a +1 helmet of intelligence (worn)
 R - a +0 robe of the Archmagi (worn)
 T - a +0 pair of boots (worn)
Jewellery
 c - a +6 ring of intelligence
 h - a ring of protection from fire
 o - a ring of willpower (left hand)
 q - an amulet of regeneration (around neck)
 r - a +5 ring of evasion
 A - a ring of wizardry (right hand)
 O - a ring of magical power
 U - a ring of willpower
 V - the ring "Sasiw" {Fire rN+ rCorr Dex+2}
   (You found it on level 9 of the Dungeon)

   [ring of fire]

   It enhances your fire magic.
   Dex:       It affects your dexterity (+2).
   rF:        It protects you from fire.
   rC:        It makes you vulnerable to cold.
   rN:        It protects you from negative energy.
   rCorr:     It protects you from acid and corrosion.
 W - the ring of Scepticism {rCorr Str+3 Dex-2 SInv Stlth+}
   (You found it on level 9 of the Dungeon)

   [ring of resist corrosion]

   Str:       It affects your strength (+3).
   Dex:       It affects your dexterity (-2).
   SInv:      It lets you see invisible.
   rCorr:     It protects you from acid and corrosion.
   Stlth:     It makes you more stealthy.
Wands
 p - a wand of charming (31)
 t - a wand of polymorph (9)
 u - a wand of acid (10)
 E - a wand of roots (16)
 F - a wand of digging (9)
 I - a wand of mindburst (8)
Scrolls
 i - 11 scrolls of teleportation
 j - 5 scrolls of fog
 n - a scroll of butterflies
 w - a scroll of poison
 x - 4 scrolls of blinking
 y - 4 scrolls of brand weapon
 H - 2 scrolls of fear
 J - 2 scrolls of immolation
 P - 8 scrolls of identify
 Q - 3 scrolls of magic mapping
 Y - 2 scrolls of enchant weapon
Potions
 d - 6 potions of invisibility
 e - 18 potions of curing
 k - 3 potions of might
 m - 4 potions of mutation
 s - 6 potions of flight
 v - 2 potions of berserk rage
 z - 5 potions of resistance
 C - 5 potions of heal wounds
 D - 4 potions of brilliance
 L - 5 potions of lignification
 S - 2 potions of haste
 X - 2 potions of magic
Miscellaneous
 g - a phial of floods
 G - a phantom mirror


   Skills:
 + Level 10.5 Fighting
 - Level 6.0 Armour
 - Level 6.0 Dodging
 - Level 6.0 Stealth
 + Level 8.7 Shields
 + Level 10.6 Spellcasting
 - Level 14.0 Conjurations
 + Level 7.2 Translocations
 * Level 3.0 Transmutations
 * Level 7.3 Fire Magic
 - Level 5.0 Ice Magic
 - Level 14.0 Earth Magic


You had 2 spell levels left.
You knew the following spells:

 Your Spells              Type           Power      Damage    Failure   Level
a - Passage of Golubria   Tloc           87%        N/A       1%          4
b - Stone Arrow           Conj/Erth      100%       3d13      1%          3
c - Lee's Rapid Deconstr  Erth           58%        3d27*     1%          5
d - Iron Shot             Conj/Erth      58%        9d11      1%          6
e - Blink                 Tloc           100%       N/A       1%          2
f - Ozocubu's Armour      Ice            75%        N/A       1%          3
g - Starburst             Conj/Fire      51%        6d14      4%          6
h - Irradiate             Conj/Tmut      46%        3d27      1%          5

Your spell library contained the following spells:

 Spells                   Type           Power      Damage    Failure   Level
 Sandblast                Erth           100%       2d20      0%          1
 Freeze                   Ice            100%       1d10      1%          1
 Passwall                 Tmut/Erth      77%        N/A       1%          2
 Summon Small Mammal      Summ           100%       N/A       2%          1
 Dazzling Flash           Conj/Hex       100%       N/A       1%          3
 Frozen Ramparts          Ice            100%       1d16      1%          3
 Hailstorm                Conj/Ice       98%        3d19      1%          3
 Portal Projectile        Hex/Tloc       100%       N/A       1%          3
 Teleport Other           Tloc           87%        N/A       1%          3
 Volatile Blastmotes      Fire/Tloc      100%       2d18      1%          3
 Iskenderun's Mystic Bla  Conj/Tloc      100%       2d19      1%          4
 Leda's Liquefaction      Hex/Erth       43%        N/A       1%          4
 Manifold Assault         Tloc           87%        N/A       1%          4
 Petrify                  Tmut/Erth      93%        N/A       1%          4
 Call Canine Familiar     Summ           31%        N/A       7%          3
 Summon Guardian Golem    Hex/Summ       31%        N/A       7%          3
 Tukima's Dance           Hex            31%        N/A       7%          3
 Summon Forest            Summ/Tloc      33%        N/A       14%         5
 Blade Hands              Tmut           30%        N/A       19%         5
 Yara's Violent Unravell  Hex/Tmut       24%        3d11      32%         5
 Eringya's Noxious Bog    Tmut/Pois      24%        N/A       86%         6
 Ozocubu's Refrigeration  Ice            37%        4d15      91%         7
 Dragon Form              Tmut           30%        N/A       99%         7
 Storm Form               Tmut/Air       24%        N/A       100%        7
 Summon Hydra             Summ           15%        N/A       100%        7


Dungeon Overview and Level Annotations

Branches:
Dungeon (15/15)            Temple (0/1) D:7            Lair (5/5) D:9
 Shoals (0/4) Lair:3        Snake (4/4) Lair:3        Slime (0/5) Lair:4
    Orc (2/2) D:9             Elf (0/3) Orc:2        Vaults (0/5) D:14
 Depths (0/4) D:15          Sewer (visited)           IceCv (visited)
Volcano (visited)

Shops:
D:8 [   D:9 ([   Orc:2 ==?*   Snake:4 ?

Portals:
Abyss: Snake:2
Trove: D:15 (show abyssal rune of Zot)

Annotations:
D:11 4 transporters
D:14 3 runed translucent doors, Fractals's ghost, journeyman VSAr
Snake:2 2 transporters, Mintean's ghost, adept AtFi
Snake:4 3 runed translucent doors, Cheops's ghost, adept TrFi


Innate Abilities, Weirdness & Mutations

You have an increased reservoir of magic. (+10% MP)
You shall have no god before yourself.
Your divine heritage dramatically boosts your attributes as you level up.


Message History

Aiming: Mindburst
Press: ? - help, Shift-Dir - straight line, f/p - Vashnia
Aim: Vashnia, wielding a +6 longbow and wearing a +0 barding of cold resistance (almost dead, strong, chance to affect: 1%)
Okay, then.
Aiming: Fastroot
Press: ? - help, Shift-Dir - straight line, p - Vashnia The roots erupt in riotous growth!
Roots grab Vashnia.
The grasping roots constrict Vashnia.
You hear a shout!
Vashnia shoots an arrow.
The arrow hits you!
The grasping roots constrict Vashnia!
You kill Vashnia!
Your Transmutations skill increases to level 3!
The guardian serpent casts a spell at you.
The naga sharpshooter blinks into view!
You hit the salamander mystic.
The salamander mystic is lightly wounded.
You block the guardian serpent's attack.
The nagaraja hits you with a +0 flail!!!
* * * LOW HITPOINT WARNING * * *
The nagaraja grabs you. The nagaraja constricts you.
* * * LOW HITPOINT WARNING * * *
You block the salamander mystic's attack.
The guardian serpent hits you but does no damage.
The naga sharpshooter spits poison at you.
The splash of poison misses you.
The splash of poison hits the salamander mystic!
The salamander mystic is poisoned.
The salamander tyrant barely misses you.
The nagaraja hits you but does no damage.
The nagaraja constricts you!
* * * LOW HITPOINT WARNING * * *
You block the salamander mystic's attack.
The guardian serpent hits you!
* * * LOW HITPOINT WARNING * * *
The naga sharpshooter casts a spell.
The naga sharpshooter magically shoots an arrow.
The arrow hits you!
You die...

S..N###.........
####...##...........
##.).....#...........
##...§..N##...........
#.##.....# #...........#
#.#....## ............###
###.#.....########......#..
#...##..SSNN.....###....#..
#..[.###.N@N..†...(##...#..
#......#########[...#...#..
#......##....)......#...##.
#...[.÷#.....†.....##....#.
#....÷##....[#######.....#.
#....[...................#.
#........................##
#..........................
##.........................


You could see a nagaraja (strong), a naga sharpshooter (strong, catching
breath), a salamander tyrant (strong), a salamander mystic (strong, poisoned)
and 2 guardian serpents.

Vanquished Creatures
  Vashnia (Snake:4)
  A nagaraja (Snake:3)
  Louise (D:14)
  A stone giant (D:15)
  An ironbound preserver (D:14)
  Azrael (D:14)
  The ghost of bronco the Brawler, a journeyman DrTm of Nemelex Xobeh (Lair:5)
  A red draconian (Volcano)
  A minotaur (Lair:5)
  Snorg (D:14)
  9 hydras
  An ogre mage (D:15)
  2 salamander tyrants
  Erolcha (D:9)
  A rakshasa (D:14)
  3 catoblepae (Lair:5)
  3 two-headed ogres
  11 centaur warriors
  3 boulder beetles
  15 anacondas
  3 tengu warriors (D:15)
  6 death yaks (Lair:5)
  17 naga warriors
  4 orc high priests (Orc:2)
  6 shock serpents
  The ghost of sigtrap the Marksspriggan, a journeyman SpHu of Okawaru (D:9)
  5 naga sharpshooters
  Amaemon (Lair:3)
  2 skysharks
  2 salamander mystics
  3 skeletal warriors (D:15)
  6 sea snakes (Snake:1)
  A wizard (D:15)
  5 naga ritualists
  A harpy (Lair:3)
  2 phantasmal warriors (Snake:3)
  5 orc knights
  12 mana vipers
  33 salamanders
  2 deep elf pyromancers
  20 ugly things
  6 orc sorcerers (Orc:2)
  6 cyclopes
  7 manticores
  3 elephants (Lair:4)
  8 naga magi
  44 black mambas
  6 guardian serpents
  5 molten gargoyles
  2 ice statues (IceCv)
  A cane toad (shapeshifter) (D:14)
  3 gargoyles
  Maggie (D:9)
  An orange demon (Lair:3)
  2 torpor snails
  A kobold demonologist (D:11)
  9 cane toads
  3 rime drakes
  A spectral naga (Snake:3)
  9 komodo dragons
  2 efreet
  A freezing wraith (IceCv)
  2 polar bears (Lair:5)
  9 trolls
  Grinder (D:5)
  3 hornets
  23 blink frogs
  8 dream sheep (Lair:5)
  8 slime creatures
  2 shadows
  2 vampires
  2 wraiths
  8 wyverns
  A dire elephant simulacrum (IceCv)
  3 fire bats (Lair:1)
  2 unseen horror simulacra (D:9)
  4 fire elementals (D:14)
  4 basilisks
  Grum (Lair:1)
  63 yaks
  3 steam dragons
  3 wargs
  Menkaure (D:6)
  4 vampire mosquitoes
  31 nagas
  3 acid dragons
  11 water moccasins
  3 hell hounds (D:14)
  9 ice beasts
  16 orc warriors
  A black bear (D:6)
  15 wolves
  7 ogres
  21 centaurs
  3 phantoms
  5 kobold brigands
  Blork the orc (D:4)
  11 bullfrogs
  2 scorpions
  A cane toad simulacrum (IceCv)
  2 gnoll sergeants
  11 wights
  An elephant simulacrum (IceCv)
  9 killer bees
  2 howler monkeys (D:8)
  10 electric eels
  A lava snake (Snake:1)
  A jelly (D:7)
  A wyvern simulacrum (D:9)
  4 hounds
  6 orc priests
  2 gnoll boudas
  Crazy Yiuf (D:5)
  6 iguanas
  18 orc wizards
  Natasha (thrice) (D:4)
  12 hell rats
  A wolf simulacrum (IceCv)
  9 adders
  21 gnolls
  2 river rats (D:4)
  3 shadow imps
  3 white imps
  4 worms (D:2)
  51 orcs
  15 ball pythons
  17 endoplasms
  12 giant cockroaches
  2 goblins
  8 hobgoblins
  7 jackals
  28 kobolds
  12 quokkas
  6 bats
  11 frilled lizards
  8 rats
924 creatures vanquished.

Notes
Turn   | Place    | Note
-------+----------+-------------------------------------------
     0 | D:1      | wingedge the Demigod Earth Elementalist began the quest for
                  | the Orb.
     0 | D:1      | Reached XP level 1. HP: 14/14 MP: 5/5
   368 | D:1      | Reached XP level 2. HP: 20/20 MP: 4/7
   923 | D:2      | Reached skill level 1 in Conjurations
  1181 | D:2      | Reached XP level 3. HP: 26/26 MP: 4/8
  1217 | D:2      | Learned a level 3 spell: Stone Arrow
  1768 | D:3      | Noticed an ogre
  2128 | D:3      | Reached XP level 4. HP: 34/34 MP: 6/9
  2132 | D:3      | Reached skill level 1 in Fighting
  2594 | D:3      | Killed an ogre
  2595 | D:3      | Reached XP level 5. HP: 40/40 MP: 0/11
  2989 | D:4      | Noticed Natasha
  3001 | D:4      | Killed Natasha
  3012 | D:4      | Noticed Natasha
  3019 | D:4      | Killed Natasha
  3127 | D:4      | Reached XP level 6. HP: 45/47 MP: 4/13
  3151 | D:4      | Found a glowing drain.
  3151 | D:4      | Noticed Blork the orc
  3199 | D:4      | Killed Blork the orc
  3225 | Sewer    | Entered a sewer
  4225 | D:4      | Noticed Natasha
  4228 | D:4      | Killed Natasha
  4642 | D:5      | Entered Level 5 of the Dungeon
  4692 | D:5      | Reached XP level 7. HP: 52/52 MP: 9/16
  5636 | D:5      | Found a runed translucent door.
  5637 | D:5      | Noticed Crazy Yiuf
  5643 | D:5      | Killed Crazy Yiuf
  6032 | D:5      | Noticed Grinder
  6035 | D:5      | Killed Grinder
  6036 | D:5      | Reached skill level 1 in Shields
  6036 | D:5      | Reached XP level 8. HP: 63/63 MP: 8/18
  6268 | D:6      | Reached skill level 5 in Spellcasting
  6370 | D:6      | Reached skill level 5 in Conjurations
  6370 | D:6      | Reached skill level 5 in Earth Magic
  6652 | D:6      | Noticed Menkaure
  6655 | D:6      | Killed Menkaure
  8316 | D:7      | Reached XP level 9. HP: 71/71 MP: 17/21
  8424 | D:7      | Found a staircase to the Ecumenical Temple.
  8436 | D:7      | Reached skill level 1 in Fire Magic
  8584 | D:7      | Identified 3 scrolls of acquirement
  8588 | D:7      | Acquired a +1 kite shield of reflection
  8600 | D:7      | Acquired the +0 pair of gloves "Heusmod" {+Blink +Inv rElec
                  | Stlth+}
  8613 | D:7      | Acquired the Collected Works on the Elliptic Lithosphere
  9091 | D:8      | Noticed a komodo dragon
  9096 | D:8      | Killed a komodo dragon
  9441 | D:8      | Found a large runed translucent door.
  9441 | D:8      | Found a large runed translucent door.
 10228 | D:8      | Noticed a two-headed ogre
 10233 | D:8      | Killed a two-headed ogre
 10234 | D:8      | Reached skill level 5 in Fighting
 10234 | D:8      | Reached XP level 10. HP: 77/81 MP: 13/23
 10485 | D:8      | Found Uxiemu's Antique Armour Emporium.
 10492 | D:8      | Bought a runed helmet for 225 gold pieces
 10974 | D:8      | Learned a level 5 spell: Lee's Rapid Deconstruction
 11147 | D:9      | Noticed Maggie
 11154 | D:9      | Killed Maggie
 11155 | D:9      | Reached skill level 1 in Armour
 11378 | D:9      | Noticed Erolcha
 11387 | D:9      | Found Jeozivya's Weapon Shop.
 11387 | D:9      | Found a staircase to the Orcish Mines.
 11387 | D:9      | Found Uqikam's Armour Shop.
 11543 | D:10     | Entered Level 10 of the Dungeon
 11550 | D:10     | You fall into a shaft and drop 2 floors!
 11895 | D:11     | Noticed a cyclops
 11929 | D:11     | Found a transporter.
 11932 | D:11     | Found a transporter.
 11969 | D:11     | Found a transporter.
 11969 | D:11     | Found a transporter.
 12532 | D:10     | Reached XP level 11. HP: 89/89 MP: 18/25
 12770 | D:10     | Reached skill level 5 in Shields
 13768 | D:11     | Identified the +1 leather armour of Uhuxa {Dex+4}
 14123 | D:11     | Found a transporter.
 14125 | D:11     | Found a transporter.
 15376 | D:9      | Killed Erolcha
 15459 | D:9      | Found a staircase to the Lair.
 15528 | D:9      | Noticed sigtrap's ghost (journeyman SpHu)
 15596 | D:9      | Reached skill level 10 in Earth Magic
 15732 | D:9      | Found a runed translucent gate.
 15732 | D:9      | Found a runed translucent gate.
 15732 | D:9      | Found a runed translucent gate.
 16271 | D:9      | Killed sigtrap's ghost
 16465 | D:9      | Noticed a two-headed ogre
 16526 | D:9      | Killed a two-headed ogre
 16682 | D:9      | Got the ring "Sasiw" {Fire rN+ rCorr Dex+2}
 16685 | D:9      | Identified the ring of Scepticism {rCorr Str+3 Dex-2 SInv
                  | Stlth+}
 16709 | D:9      | Learned a level 6 spell: Iron Shot
 16754 | Lair:1   | Entered Level 1 of the Lair of Beasts
 16840 | Lair:1   | Reached XP level 12. HP: 71/100 MP: 4/26
 17113 | Lair:1   | Found a dark tunnel.
 17122 | Volcano  | Entered a volcano
 17392 | Volcano  | Noticed a red draconian
 17682 | Volcano  | Killed a red draconian
 17811 | Volcano  | Noticed an orb of fire
 17861 | Volcano  | Noticed an orb of fire
 18551 | Lair:1   | Reached skill level 10 in Conjurations
 18761 | Lair:1   | Noticed a five-headed hydra
 18766 | Lair:1   | Killed a five-headed hydra
 19190 | Lair:1   | Noticed Grum
 19199 | Lair:1   | Killed Grum
 20685 | Lair:2   | Reached XP level 13. HP: 107/107 MP: 21/28
 21344 | D:9      | Bought the +4 spear of Sin {heavy, Fly rPois SInv} for 686
                  | gold pieces
 21687 | Lair:3   | Found a staircase to the Snake Pit.
 21699 | Lair:3   | Found a staircase to the Shoals.
 21778 | Lair:3   | Noticed Amaemon
 21830 | Lair:3   | Killed Amaemon
 23021 | Lair:4   | Found a staircase to the Slime Pits.
 23101 | Lair:4   | Reached skill level 5 in Armour
 23608 | D:9      | Bought a +2 leather armour of willpower for 304 gold pieces
 24578 | Lair:5   | Entered Level 5 of the Lair of Beasts
 25472 | Lair:5   | Reached skill level 5 in Dodging
 25541 | Lair:5   | Learned a level 2 spell: Blink
 25966 | Lair:5   | Reached skill level 1 in Translocations
 26192 | Lair:5   | Noticed bronco's ghost (journeyman DrTm)
 26368 | Lair:5   | Found a runed translucent gate.
 26368 | Lair:5   | Found a runed translucent gate.
 26368 | Lair:5   | Found a runed translucent gate.
 26700 | Lair:5   | Noticed a minotaur
 27225 | Lair:5   | Reached XP level 14. HP: 115/115 MP: 23/30
 28028 | Lair:5   | Killed bronco's ghost
 28422 | Orc:1    | Entered Level 1 of the Orcish Mines
 29126 | Orc:2    | Entered Level 2 of the Orcish Mines
 29137 | Orc:2    | Found a staircase to the Elven Halls.
 29145 | Orc:2    | Found a frozen archway.
 29348 | IceCv    | Entered an ice cave
 29379 | IceCv    | Found a transporter.
 29542 | IceCv    | Found a transporter.
 29715 | IceCv    | Learned a level 3 spell: Ozocubu's Armour
 29910 | Orc:2    | Reached skill level 1 in Ice Magic
 30866 | Orc:2    | Found Secomo's General Store.
 30866 | Orc:2    | Found Sitig's Jewellery Shoppe.
 30911 | Orc:2    | Found Sienania's Jewellery Shop.
 30912 | Orc:2    | Found Wahaezxu's Magic Scroll Shop.
 30929 | Orc:2    | Bought a scroll of magic mapping for 82 gold pieces
 33190 | D:14     | Noticed Azrael
 33195 | D:14     | Killed Azrael
 33977 | D:14     | Found a runed translucent gate.
 33977 | D:14     | Found a runed translucent gate.
 33977 | D:14     | Found a runed translucent gate.
 34721 | D:14     | Noticed Louise
 34734 | D:14     | Killed Louise
 34823 | D:14     | Noticed an ironbound preserver
 34827 | D:14     | Killed an ironbound preserver
 34828 | D:14     | Reached XP level 15. HP: 123/123 MP: 11/32
 35127 | D:14     | Learned a level 4 spell: Passage of Golubria
 35277 | D:14     | Noticed Snorg
 35484 | D:14     | Killed Snorg
 35629 | D:14     | Found a gate to the Vaults.
 35858 | D:14     | Noticed an acid blob
 35858 | D:14     | Noticed Fractals's ghost (journeyman VSAr)
 35918 | D:15     | Entered Level 15 of the Dungeon
 36426 | D:15     | Found a portal to a secret trove of treasure.
 36694 | D:15     | Reached skill level 5 in Ice Magic
 37351 | D:15     | Found a staircase to the Depths.
 37963 | Lair:3   | Learned a level 6 spell: Starburst
 37965 | Snake:1  | Entered Level 1 of the Snake Pit
 37967 | Snake:1  | Reached skill level 5 in Translocations
 38157 | Snake:1  | Reached skill level 5 in Stealth
 40422 | Snake:1  | Reached XP level 16. HP: 121/133 MP: 21/34
 40580 | Snake:1  | Reached skill level 10 in Spellcasting
 41664 | Snake:2  | Reached skill level 5 in Fire Magic
 42232 | Snake:2  | Noticed a hellephant
 42326 | Snake:2  | Found a transporter.
 42327 | Snake:2  | Found a one-way gate to the infinite horrors of the Abyss.
 42327 | Snake:2  | Noticed Mintean's ghost (adept AtFi)
 42358 | Snake:2  | Found a transporter.
 43040 | Snake:3  | Reached skill level 10 in Fighting
 45429 | Snake:4  | Entered Level 4 of the Snake Pit
 45429 | Snake:4  | Noticed Cheops's ghost (adept TrFi)
 45710 | Snake:4  | Found Qeliseb's Magic Scroll Emporium.
 46186 | Snake:4  | Found a runed translucent gate.
 46187 | Snake:4  | Found a runed translucent gate.
 46202 | Snake:3  | Learned a level 5 spell: Irradiate
 46211 | Snake:4  | Found a runed translucent gate.
 46260 | Snake:4  | Reached skill level 1 in Transmutations
 46635 | Snake:4  | Identified the +10 trident "Rionumur" {freeze, Int+5 Dex+5}
 47461 | Snake:4  | Noticed Vashnia
 47469 | Snake:4  | Killed Vashnia
 47472 | Snake:4  | Shot with an arrow by a naga sharpshooter

Illustrated notes

Levels and vault maps discovered:
D:1:      spicycebolla_green_bress_n_ham, layout_loops_ring,
          hellmonk_ecumenical_altar_lost_god, dreamdust_princess_corridor,
          chequers_serial_rivers_micro_b
D:2:      layout_basic
D:3:      layout_rooms, marbit_many_paths, minitemple,
          minmay_misc_feat_secret_circle
D:4:      layout_basic, portal_sewer_entry_c, serial_forest,
          infiniplex_forest_clump_double, infiniplex_forest_zigzag_1,
          infiniplex_forest_3_way, infiniplex_forest_lined_3_way,
          infiniplex_forest_straight_1, infiniplex_forest_lined_room_,
          infiniplex_forest_straight_1, infiniplex_forest_lined_ring,
          uniq_natasha, uniq_blork_the_orc
D:5:      layout_loops_ring, nicolae_sif_muna_condensation, uniq_grinder,
          uniq_crazy_yiuf_cottage
D:6:      layout_rooms, mainiacjoe_overflow_six_doors_small, lemuel_round_altar,
          serial_bayou_lake_a, uniq_menkaure
D:7:      layout_basic, minmay_temple_entry_mini_moons
D:8:      layout_gridville, zin_treasury, mainiacjoe_overflow_cross_hatched,
          jmf_multi_god_temple2, serial_shops, shop, fountainhead
D:9:      layout_gridville, mainiacjoe_overflow_alcove_2,
          mainiacjoe_overflow_alcove_1, lair_entry_dummy, orc_david_3,
          gammafunk_ghost_icy, ebering_dispersal_statue_hall,
          minmay_joined_circles, uniq_erolcha, uniq_maggie
D:10:     layout_irregular_city, grunt_gozag_statues, nicolae_ru_path_of_blood
D:11:     layout_rooms, hangedman_abyss_or_decor_stabs, serial_nicolae_subway,
          nicolae_sub_station_crystal, nicolae_sub_station_stone,
          nicolae_sub_station_metal
D:12:     layout_basic
D:13:     layout_roguey
D:14:     layout_loops_ring, skrybe_vaults_entry_preservation,
          gammafunk_ghost_ooze, uniq_azrael, uniq_louise, uniq_snorg
D:15:     grunt_enter_depths_snipers, layout_irregular_city,
          nicolae_trove_entry_crossroad
Lair:1:   layout_gridlike, nicolae_volcano_entry_batcave, minmay_hedge_maze,
          lemuel_another_geyser, uniq_grum
Lair:2:   layout_concentric_octagons, infiniplex_staircase_pool,
          grunt_megastairs_1
Lair:3:   layout_cave_pods, nicolae_shoals_entry_roost, dummy_snake_entry,
          uniq_amaemon
Lair:4:   layout_cave_pods, slime_entry_1, basic_altar
Lair:5:   evilmike_catoblepas_cave, layout_loops_ring,
          maelrawn_ghost_gauntlet_escape
Snake:1:  layout_basic, serial_bayou_pond_d, nrook_loot_triangle,
          nicolae_snake_salamander_zone
Snake:2:  layout_concentric_octagons, gammafunk_ghost_abyssal_escape
Snake:3:  layout_cave_town, grunt_ministairs_10,
          nicolae_snake_ghostly_warrior_ritual
Snake:4:  grunt_snake_rune_serpentine_throne, layout_cave_town, serial_shops,
          nicolae_shop_peninsula, gammafunk_ghost_split, minmay_shop_grove
Orc:1:    layout_diamond_mine
Orc:2:    st_orc_elflike, layout_diamond_mine, portal_ice_cave_entry_pillars_2

Skill      XL: |  1  2  3  4  5  6  7  8  9 10 11 12 13 14 15 16 |
---------------+-------------------------------------------------+-----
Stealth        | 2 3 4 5 6 |  6.0
Dodging        | 2 3 5 6 |  6.0
Spellcasting   | 2 4 5 6 7 8 9 10 | 10.6
Earth Magic    | 3 4 5 7 8 10 12 13 14 | 14.0
Conjurations   | 1 2 3 4 5 6 7 8 11 12 13 14 | 14.0
Fighting       | 1 3 4 5 6 7 8 9 10 | 10.5
Shields        | 1 3 4 6 7 8 |  8.7
Fire Magic     | 1 4 7 |  7.3
Armour         | 2 4 6 |  6.0
Translocations | 2 4 5 7 |  7.2
Ice Magic      | 4 5 |  5.0
Transmutations | 3 |  3.0

Action                     |  1- 3 |  4- 6 |  7- 9 | 10-12 | 13-15 | 16-18 || total
---------------------------+-------+-------+-------+-------+-------+-------++-------
  Melee: Short sword       |       |    30 |     1 |       |       |       ||    31
         Trident           |       |       |    27 |    38 |       |       ||    65
         Morningstar       |       |       |       |    12 |       |       ||    12
         Rapier            |       |       |       |     1 |       |       ||     1
         Spear             |       |       |       |       |    76 |    14 ||    90
         Eveningstar       |       |       |       |       |    18 |       ||    18
  Throw: Dart              |       |       |       |     2 |       |       ||     2
         Javelin           |       |       |       |     1 |       |       ||     1
   Cast: Sandblast         |    83 |   109 |    13 |       |       |       ||   205
         Stone Arrow       |       |    19 |   159 |   278 |    94 |     7 ||   557
         Lee's Rapid Decon |       |       |       |    49 |   107 |    16 ||   172
         Iron Shot         |       |       |       |    12 |   333 |   152 ||   497
         Ozocubu's Armour  |       |       |       |       |    17 |     5 ||    22
         Blink             |       |       |       |       |     1 |       ||     1
         Starburst         |       |       |       |       |     6 |    13 ||    19
         Irradiate         |       |       |       |       |       |     5 ||     5
  Evoke: Wand              |       |       |       |    10 |     4 |     1 ||    15
         Phantom mirror    |       |       |       |       |     1 |       ||     1
    Use: Scroll            |       |       |    17 |    18 |    11 |     1 ||    47
         Potion            |       |       |       |     2 |     1 |       ||     3
 Armour: Robe              |     2 |    25 |    16 |       |    38 |    25 ||   106
         Steam dragon scal |       |       |       |    20 |     6 |       ||    26
         Acid dragon scale |       |       |       |    22 |       |       ||    22
         Leather armour    |       |       |       |       |    44 |       ||    44
  Dodge: Dodged            |    16 |    63 |    46 |   103 |   133 |    35 ||   396
  Block: Buckler           |       |       |     3 |       |       |       ||     3
         Kite shield       |       |       |    29 |   106 |   221 |    63 ||   419
         Reflection        |       |       |     3 |     7 |    44 |    21 ||    75
